 Dungeon Crawl Stone Soup version 0.26-a0-639-g72c4674 (webtiles) character file.

Game seed: 12299076887239677922

8013 Kurtz the Blocker (level 11, -6/75 HPs)
             Began as a Mummy Chaos Knight on Sept 15, 2020.
             Was a Plaything of Xom.
             Mangled by a death yak (16 damage)
             ... on level 10 of the Dungeon.
             The game lasted 00:20:51 (9880 turns).

Kurtz the Blocker (Mummy Chaos Knight)              Turns: 9880, Time: 00:20:52

Health: -6/75      AC: 23    Str: 17    XL:     11   Next: 4%
Magic:  11/11      EV:  2    Int: 11    God:    Xom [....*.]
Gold:   791        SH:  0    Dex: 14    Spells: 10/10 levels left

rFire    . . .     SeeInvis .   g - +0 whip (elec)
rCold    . . .     Faith    .   e - +0 tower shield
rNeg     + + +     Spirit   .   B - +1 plate armour {rPois}
rPois    ∞         Reflect  .   k - +0 helmet (curse)
rElec    .         Harm     .   j - +2 cloak {Stlth+}
rCorr    .         Rampage  .   C - +2 pair of gloves
MR       +....                  n - +0 pair of boots
Stlth    ..........             l - amulet of regeneration
HPRegen  0.62/turn              m - +4 ring of protection
MPRegen  0.12/turn              x - ring of fire

@: about to teleport, marked, held
A: no potions, fire vulnerability, cold resistance 1, negative energy resistance
3, torment resistance, unbreathing
a: Renounce Religion


You were on level 10 of the Dungeon.
You worshipped Xom.
You were a beloved toy of Xom.
You visited 1 branch of the dungeon, and saw 11 of its levels.
You also visited: Ossuary and Bailey.

You collected 814 gold pieces.
You spent 23 gold pieces at shops.

Inventory:

Hand Weapons
 a - a +0 hand axe of chaos
 c - a +0 whip of venom
 g - a +0 whip of electrocution (weapon)
 A - the +10 great mace of Iro Vya {freeze, *Contam MR+ SInv}
   (Xom gifted it to you in a bailey)

   It has been specially enchanted to freeze those struck by it, causing extra
   injury to most foes and up to half again as much damage against particularly
   susceptible opponents.
   It can also slow down cold-blooded creatures.
   It affects your resistance to hostile enchantments.
   It lets you see invisible.
   It causes magical contamination when unequipped.
 I - a +3 morningstar
Missiles
 q - 72 poisoned darts
Armour
 b - +0 swamp dragon scales
 e - a +0 tower shield (worn)
 j - a +2 cloak of stealth (worn)
 k - a cursed +0 helmet (worn)
 n - a +0 pair of boots (worn)
 y - a +0 chain mail of magic resistance
 B - a +1 plate armour of poison resistance (worn)
 C - a +2 pair of gloves (worn)
Jewellery
 l - an amulet of regeneration (around neck)
 m - a +4 ring of protection (left hand)
 x - a ring of fire (right hand)
 z - an uncursed ring of see invisible
 D - an uncursed ring of flight
Wands
 p - a wand of acid (1)
 s - a wand of paralysis (4)
 F - a wand of disintegration (8)
Scrolls
 d - 5 scrolls of teleportation
 f - 8 scrolls of enchant weapon
 h - 3 scrolls of blinking
 i - a scroll of enchant armour
 o - 4 scrolls of remove curse
 r - 2 scrolls of fog {unknown}
 t - 2 scrolls of random uselessness {unknown}
 u - a scroll of vulnerability {unknown}
 v - 3 scrolls of amnesia {unknown}
 w - a scroll of fear
 E - a scroll of immolation
 H - a scroll of magic mapping {unknown}
Miscellaneous
 J - a lightning rod (4/4)


   Skills:
 - Level 3.0 Fighting
 * Level 9.4 Axes
 - Level 1.5 Armour
 - Level 3.0 Dodging
 - Level 10.6 Shields


You had 10 spell levels left.
You didn't know any spells.
Your spell library contained the following spells:

 Spells                   Type           Power        Failure   Level
 Corona                   Hex            #......      100%        1
 Ensorcelled Hibernation  Hex/Ice        #.....       100%        2
 Confusing Touch          Hex            #.......     100%        3
 Dazzling Flash           Conj/Hex       #.....       100%        3
 Tukima's Dance           Hex            #.......     100%        3
 Beastly Appendage        Tmut           Unusable     N/A         1
 Wereblood                Tmut           Unusable     N/A         2
 Spider Form              Tmut/Pois      Unusable     N/A         3
 Ice Form                 Ice/Tmut       Unusable     N/A         4
 Blade Hands              Tmut           Unusable     N/A         5

Dungeon Overview and Level Annotations

Branches:
Dungeon (11/15)            Temple (0/1) D:4             Orc (0/2) D:9
Ossuary (visited)          Bailey (visited)
   Lair: D:8-11

Altars:
Cheibriados
Nemelex Xobeh
Ru
Trog
Xom
Yredelemnul
Zin

Shops:
D:6 *

Annotations:
D:10 Harold
D:11 Erolcha


Innate Abilities, Weirdness & Mutations

You do not drink.
Your flesh is vulnerable to fire.
You are immune to poison.
Your flesh is cold resistant. (rC+)
You are immune to negative energy. (rN+++)
You are immune to unholy pain and torment.
You can survive without breathing.


Message History

Found 18 gold pieces.
As you read the scroll of teleportation, it crumbles to dust.
You feel strangely unstable.
The death yak gores you but does no damage.
Harold says, "Let's make it quick, okay?
I've got mouths to feed."
Harold throws a throwing net.
The throwing net hits you.
You become entangled in the net!
The death yak gores you!!
* * * LOW HITPOINT WARNING * * *
Unknown command.
The death yak is no longer moving quickly.
The death yak gores you but does no damage.
The hound bites you but does no damage.
Harold points at you and mumbles some strange words.
A sentinel's mark forms upon you.
A hippogriff comes into view.
Unknown command.
The death yak is no longer unusually resistant.
The hound bites you but does no damage. The death yak gores you!
You die...
Xom howls with laughter!

####### ....... ##
..$.... .# ....... .#
......@ .# .......
.################h..?...
.'......(....†.Y@......H
.################.......
.# ....... .# .....>. .#
....... .# ....... .#
....... ## ######. #


You could see a death yak, Harold, a hippogriff and a hound.

Vanquished Creatures
  Pikel (D:3)
  An orc knight (Bailey)
  A cane toad (shapeshifter) (D:10)
  Maggie (D:8)
  A hornet (D:8)
  A hippogriff (D:8)
  Sigmund (D:5)
  Menkaure (D:6)
  Edmund (D:5)
  Duvessa (D:6)
  An ice beast (D:6)
  16 orc warriors
  A swamp drake (D:9)
  7 ogres
  5 centaurs
  A wyvern zombie (D:7)
  4 bullfrogs
  5 scorpions
  5 killer bees (D:7)
  3 jellies
  4 wights
  7 howler monkeys
  A gnoll shaman (D:5)
  3 hounds
  6 orc wizards
  3 bullfrog skeletons
  5 orc priests
  2 centaur skeletons
  5 iguanas
  6 worker ants
  6 mummies (Ossuary)
  3 gnolls (D:5)
  A howler monkey skeleton (D:7)
  A worker ant zombie (D:9)
  8 adders
  3 white imps
  2 oozes
  3 worms
  8 leopard geckos
  46 orcs
  2 bats
  3 giant cockroaches
  8 hobgoblins
  5 jackals
  4 quokkas
  2 ball pythons
  A ball python skeleton (D:4)
  2 frilled lizards (D:1)
  7 goblins
  A hobgoblin zombie (Ossuary)
  7 kobolds
  A kobold zombie (Ossuary)
  A leopard gecko skeleton (D:4)
  4 orc zombies (Ossuary)
  A quokka zombie (D:6)
  8 rats
238 creatures vanquished.

Vanquished Creatures (collateral kills)
  A two-headed ogre (D:8)
  2 sky beasts (D:5)
  An ogre (D:4)
  A killer bee (D:7)
  A howler monkey (D:8)
  A centaur zombie (D:8)
  2 mummies (Ossuary)
  An orc (D:7)
  A frilled lizard (D:5)
  A kobold zombie (Ossuary)
  An orc zombie (Ossuary)
  A quokka skeleton (D:8)
14 creatures vanquished.

Vanquished Creatures (others)
  Dowan (D:6)
  A howler monkey (D:7)
2 creatures vanquished.

Grand Total: 254 creatures vanquished

Notes
Turn   | Place    | Note
-------+----------+-------------------------------------------
     0 | D:1      | Kurtz the Mummy Chaos Knight began the quest for the Orb.
     0 | D:1      | Reached XP level 1. HP: 18/18 MP: 1/1
   240 | D:1      | XOM: silly message
   241 | D:1      | Reached XP level 2. HP: 18/24 MP: 2/2
   781 | D:2      | Reached XP level 3. HP: 23/29 MP: 3/3
   938 | D:2      | XOM: summons 2 hostile demons
   948 | D:3      | Found a basalt altar of Yredelemnul.
  1111 | D:3      | Found a sparkling altar of Nemelex Xobeh.
  1111 | D:3      | XOM: 8-stop teleportation journey
  1228 | D:2      | XOM: summons 2 hostile demons
  1318 | D:3      | XOM: enchant monster (bad)
  1322 | D:3      | XOM: smoke on damage
  1389 | D:3      | XOM: 3-stop teleportation journey
  1437 | D:3      | Reached skill level 1 in Shields
  1437 | D:3      | Reached XP level 4. HP: 17/35 MP: 4/4
  2093 | D:4      | XOM: god gift: scroll labeled BOUBRE UHOEGU {god gift}
  2113 | D:4      | Noticed an ogre
  2115 | D:4      | XOM: confusion
  2116 | D:4      | XOM: swap monsters
  2128 | D:4      | Killed an ogre
  2128 | D:4      | Reached XP level 5. HP: 35/41 MP: 5/5
  2132 | D:4      | Found a staircase to the Ecumenical Temple.
  2132 | D:4      | XOM: 6-stop teleportation journey
  2155 | D:4      | Noticed an ogre
  2164 | D:4      | XOM: summons friendly crimson imp
  2175 | D:4      | XOM: scenery: summon butterflies
  2211 | D:4      | Killed an ogre
  2211 | D:4      | Reached skill level 5 in Axes
  2211 | D:4      | Reached XP level 6. HP: 47/47 MP: 6/6
  2314 | D:4      | Reached skill level 2 in Shields
  2655 | D:5      | Entered Level 5 of the Dungeon
  2667 | D:5      | Noticed a sky beast
  2668 | D:5      | Noticed Pikel
  2696 | D:3      | Killed Pikel
  2696 | D:3      | Reached XP level 7. HP: 35/52 MP: 7/7
  2716 | D:4      | Reached skill level 3 in Shields
  2756 | D:5      | Found a sand-covered staircase.
  2771 | Ossuary  | Entered an ossuary
  2806 | Ossuary  | XOM: 3-stop teleportation journey
  2807 | Ossuary  | XOM: cloud trail
  2822 | Ossuary  | XOM: scenery: 1 doors open
  2880 | Ossuary  | XOM: scenery: create altars
  2910 | Ossuary  | XOM: noise
  2942 | Ossuary  | XOM: summons friendly ufetubus
  2988 | Ossuary  | Reached XP level 8. HP: 58/58 MP: 8/8
  3003 | Ossuary  | XOM: summons 5 hostile demons
  3110 | D:5      | Noticed Sigmund
  3145 | D:4      | XOM: silly message
  3161 | D:5      | Killed Sigmund
  3382 | D:5      | XOM: summons 2 friendly demons
  3390 | D:5      | Reached skill level 4 in Shields
  3441 | D:5      | XOM: swap monsters
  3443 | D:5      | XOM: scenery: create altars
  3600 | D:5      | Noticed Edmund
  3605 | D:5      | XOM: enchant monster (good)
  3637 | D:5      | Killed Edmund
  3637 | D:5      | Reached skill level 5 in Shields
  3713 | D:5      | Found a glowing silver altar of Zin.
  4210 | D:6      | Noticed Duvessa
  4210 | D:6      | Noticed Dowan
  4212 | D:6      | Killed Dowan
  4212 | D:6      | XOM: destruction
  4224 | D:6      | Killed Duvessa
  4268 | D:6      | Reached XP level 9. HP: 63/63 MP: 9/9
  4534 | D:6      | XOM: scenery: 1 doors open, 1 doors close
  4535 | D:6      | Reached skill level 6 in Shields
  4637 | D:6      | XOM: swap monsters
  4676 | D:6      | XOM: scenery: 1 doors close
  4823 | D:6      | Found Cuffa's Serpentskin Sales.
  4837 | D:6      | Bought 3 curare-tipped darts for 23 gold pieces
  4889 | D:6      | XOM: god gift: 46 gold pieces
  4932 | D:6      | Noticed Menkaure
  4943 | D:6      | Killed Menkaure
  5209 | D:7      | Reached skill level 1 in Dodging
  5286 | D:7      | Found a flagged portal.
  5360 | D:7      | XOM: fake destruction
  5396 | Bailey   | Entered a bailey
  5508 | Bailey   | XOM: confuse monster(s)
  5565 | Bailey   | XOM: enchant monster (good)
  5565 | Bailey   | XOM: smoke on damage
  5575 | Bailey   | Reached skill level 7 in Shields
  5748 | Bailey   | XOM: cleaving
  5753 | Bailey   | XOM: god gift: dazzling great mace {god gift}
  5756 | Bailey   | Got a dazzling great mace {god gift}
  5827 | Bailey   | XOM: noise
  5835 | Bailey   | XOM: enchant monster (good)
  5867 | Bailey   | XOM: blink monster(s)
  5924 | Bailey   | XOM: summons 4 hostile shadow creatures
  6009 | Bailey   | XOM: potion effect (stabbing)
  6146 | Bailey   | XOM: cast spell 'Discord'
  6205 | Bailey   | Noticed an orc knight
  6224 | Bailey   | XOM is BORED!
  6227 | Bailey   | XOM: enchant monster (bad)
  6237 | Bailey   | XOM: enchant monster (good)
  6250 | Bailey   | XOM: enchant monster (bad)
  6258 | Bailey   | XOM: divination: detect creatures
  6261 | Bailey   | XOM: noise
  6600 | Bailey   | XOM: summons 2 hostile shadow creatures
  6614 | Bailey   | Killed an orc knight
  6614 | Bailey   | Reached skill level 8 in Shields
  6728 | Bailey   | Reached XP level 10. HP: 53/70 MP: 10/10
  6972 | D:7      | XOM: enchant monster (good)
  6975 | D:7      | XOM: scenery: 1 doors open, 1 doors close
  6979 | D:7      | XOM: confuse monster(s)
  7012 | D:7      | XOM: noise
  7015 | D:7      | XOM: divination: detect creatures
  7025 | D:7      | XOM: smoke on damage
  7078 | D:7      | XOM: cast spell 'Summon Hydra'
  7085 | D:7      | Reached skill level 9 in Shields
  7260 | D:7      | XOM: divination: magic mapping
  7279 | D:7      | XOM: enchant monster (good)
  7476 | D:7      | XOM: summons 6 hostile demons
  7538 | D:7      | XOM: cloud trail
  7635 | D:7      | Found a sacrificial altar of Ru.
  7635 | D:7      | Found a bloodstained altar of Trog.
  7645 | D:7      | XOM: silly message
  7744 | D:8      | XOM: silly message
  7748 | D:7      | XOM: confuse monster(s)
  7876 | D:8      | XOM: noise
  7896 | D:8      | XOM: potion effect (invisibility)
  7897 | D:8      | Noticed Maggie
  7901 | D:8      | XOM: fog
  7905 | D:8      | XOM: summons friendly shadow imp
  7924 | D:8      | XOM: butterfly on damage
  8121 | D:8      | Noticed a two-headed ogre
  8128 | D:8      | XOM: fog
  8225 | D:8      | Killed Maggie
  8233 | D:8      | Reached skill level 10 in Shields
  8234 | D:8      | Killed a two-headed ogre
  8372 | D:8      | Found a snail-covered altar of Cheibriados.
  8452 | D:8      | Identified the +10 great mace of Iro Vya {freeze, *Contam
                  | MR+ SInv} (Xom gifted it to you in a bailey)
  8625 | D:9      | XOM: god gift: leatherbound book {god gift}
  8668 | D:9      | XOM: polymorph adder -> jackal
  8673 | D:9      | Found a staircase to the Orcish Mines.
  8673 | D:9      | XOM: 3-stop teleportation journey
  8864 | D:9      | You fall into a shaft and drop 2 floors!
  8876 | D:11     | Noticed a brown ugly thing
  8879 | D:11     | XOM: confuse monster(s)
  8879 | D:11     | Noticed an eight-headed hydra
  8885 | D:11     | Noticed Erolcha
  8893 | D:11     | XOM: enchant monster (good)
  8894 | D:10     | Entered Level 10 of the Dungeon
  8957 | D:9      | XOM: scenery: summon butterflies
  9243 | D:8      | XOM: divination: magic mapping
  9493 | D:9      | XOM: divination: detect items
  9682 | D:10     | Noticed Snorg
  9700 | D:10     | XOM: silly message
  9728 | D:10     | Noticed Snorg
  9728 | D:10     | Snorg changed into Snorg the cane toad
  9729 | D:10     | XOM: summons friendly quasit
  9738 | D:10     | Noticed Snorg
  9738 | D:10     | Snorg the cane toad changed into Snorg the shapeshifter
  9738 | D:10     | Noticed Snorg
  9738 | D:10     | Snorg the shapeshifter changed into Snorg the cane toad
  9741 | D:10     | XOM: swap monsters
  9744 | D:10     | XOM: silly message
  9751 | D:10     | XOM: enchant monster (bad)
  9758 | D:10     | XOM: blink monster(s)
  9762 | D:10     | XOM: scenery: 1 doors close
  9770 | D:10     | Killed Snorg the cane toad
  9770 | D:10     | Reached XP level 11. HP: 69/75 MP: 11/11
  9836 | D:10     | Noticed a death yak
  9845 | D:10     | XOM: enchant monster (bad)
  9856 | D:10     | XOM: enchant monster (bad)
  9866 | D:10     | XOM: confusion (+ monsters)
  9877 | D:10     | Noticed Harold
  9880 | D:10     | Mangled by a death yak

Illustrated notes

Levels and vault maps discovered:
D:1:      dpeg_arrival_windows_large_door, layout_basic
D:2:      layout_rooms
D:3:      layout_rooms, overflow_temple_1_default, yredelemnul_altar_generic,
          minmay_misc_feat_chi, minmay_misc_feat_enclosed
D:4:      layout_cave_pools, minmay_temple_entry_stoned_glass, kennysheep_nub,
          kennysheep_opposing_triangles
D:5:      layout_rooms, kennysheep_little_box, nicolae_ossuary_entry_monument,
          chequers_serial_rivers_large_b, kennysheep_generic_room_2,
          uniq_sigmund, uniq_edmund, uniq_pikel
D:6:      layout_gridville, guppyfry_shop_venom, uniq_duvessa, uniq_menkaure
D:7:      layout_basic, gammafunk_temple_overflow_elements, enter_bailey_8,
          kennysheep_nondescript
D:8:      layout_rooms, lemuel_coloured_pillars_altar, uniq_maggie
D:9:      layout_loops_cross, erik_orc_1, chequers_jeans
D:10:     layout_roguey, dpeg_lair_monsters, biasface_ghost_orc_armoury,
          uniq_harold, uniq_snorg
D:11:     layout_big_octagon, basic_altar, portal_ice_cave_rime, uniq_erolcha,
          uniq_nergalle

Skill      XL: |  1  2  3  4  5  6  7  8  9 10 |
---------------+-------------------------------+-----
Axes           | 3 4 5 7 8 9 |  9.4
Shields        | 1 2 3 5 8 10 | 10.6
Dodging        | 1 3 |  3.0
Fighting       | |  3.0
Armour         | |  1.5

Action                   |  1- 3 |  4- 6 |  7- 9 | 10-12 || total
-------------------------+-------+-------+-------+-------++-------
Melee: Whip              |   116 |    89 |   506 |   453 ||  1164
       Hand axe          |     9 |       |       |    53 ||    62
       Morningstar       |       |       |       |    45 ||    45
Throw: Dart              |       |    13 |    32 |     9 ||    54
Evoke: Wand              |       |     2 |     3 |     3 ||     8
  Use: Scroll            |       |     3 |     2 |     4 ||     9
 Stab: Paralysed         |       |    11 |       |     7 ||    18
       Distracted        |       |       |     2 |       ||     2
       Confused          |       |       |     1 |       ||     1
       Petrified         |       |       |    15 |       ||    15
       Invisible         |       |       |       |     4 ||     4
Armor: Leather armour    |    43 |    27 |     3 |       ||    73
       Scale mail        |       |       |    98 |       ||    98
       Chain mail        |       |       |    74 |    28 ||   102
       Plate armour      |       |       |       |   211 ||   211
Dodge: Dodged            |    68 |    37 |    64 |    48 ||   217
Block: Tower shield      |       |       |   346 |   481 ||   827

Table legend: (Time is in decaauts)
 A = Elapsed time spent in this place.
 B = Non-inter-level travel time spent in this place.
 C = Inter-level travel time spent in this place.
 D = Time resting spent in this place.
 E = Time spent auto-exploring this place.
 F = Levels seen in this place.
 G = Mean time per level.
                   A        B        C        D        E       F      G
               +--------+--------+--------+--------+--------+-----+--------+
         Total |   9883 |   9437 |    446 |   1641 |   4476 |  13 |  760.2 |
       Dungeon |   8043 |   7597 |    446 |   1085 |   4177 |  11 |  731.2 |
       Ossuary |    313 |    313 |      0 |      0 |     61 |   1 |  313.0 |
        Bailey |   1526 |   1526 |      0 |    556 |    238 |   1 | 1526.0 |
               +--------+--------+--------+--------+--------+-----+--------+

Top non-repeatable levels by time:
  Bailey: 1526 daAuts
     D:7: 1326 daAuts
     D:3: 1024 daAuts
     D:5: 944 daAuts
     D:4: 889 daAuts
     D:9: 877 daAuts
     D:6: 829 daAuts
     D:1: 757 daAuts
     D:8: 624 daAuts
     D:2: 490 daAuts
 Ossuary: 313 daAuts
    D:10: 249 daAuts
    D:11: 29 daAuts
